 Dungeon Crawl Stone Soup version 0.30-a0-222-ge547ba4400 (webtiles) character file.

Game seed: 9510715102479708996

126149 qw the Severer (level 16, -14/104 HPs)
             Began as a Gargoyle Fighter on Oct 8, 2022.
             Was an Elder of Okawaru.
             Killed from afar by a will-o-the-wisp (23 damage)
             ... with a foxfire
             ... on level 3 of the Swamp.
             The game lasted 00:22:25 (31193 turns).

qw the Severer (Gargoyle Fighter)                  Turns: 31193, Time: 00:22:25

Health: -14/104    AC: 40    Str: 27    XL:     16   Next: 97%
Magic:  23/23      EV: 19    Int: 26    God:    Okawaru [****..]
Gold:   342        SH: 18    Dex:  9    Spells: 15/15 levels left

rFire   . . .      SeeInvis +    H - +7 broad axe "Qamup" {vorpal, Int+6}
rCold   . . .      Faith    .    k - +0 kite shield
rNeg    + . .      Spirit   .    E - +6 chain mail of Happy Babbling {Regen+ Int+8}
rPois   inf        Reflect  +    x - +2 hat {SInv}
rElec   +          Harm     .    F - scarf {repulsion}
rCorr   .          Rampage  .    A - +1 pair of gloves of Diyreuj {Str+2}
Will    +....                    z - +2 pair of boots
Stlth   ..........               j - amulet of reflection
HPRegen 1.17/turn                y - +4 ring of evasion
MPRegen 0.18/turn                v - +4 ring of evasion

@: heroic, flying, repel missiles
A: sickness immunity, AC +12, big wings, negative energy resistance 1,
electricity resistance, torment resistance 1, petrification resistance
a: Renounce Religion, Heroism, Finesse


You were on level 3 of the Swamp.
You worshipped Okawaru.
Okawaru was greatly pleased with you.
You visited 5 branches of the dungeon, and saw 26 of its levels.

You collected 2800 gold pieces.
You spent 2458 gold pieces at shops.


Innate Abilities, Weirdness & Mutations

You are immune to sickness and miasma.
Your stone body is resilient. (AC +12)
You are immune to poison.
Your large and strong wings let you fly.
You resist negative energy. (rN+)
You are resistant to electric shocks. (rElec)
You are resistant to unholy torment.
You are immune to petrification.


   Skills:
 - Level 13.0(18.0) Fighting
 - Level 18.0(23.0) Axes
 - Level 6.0(11.0) Throwing
 - Level 12.0(17.0) Armour
 - Level 5.0(10.0) Dodging
 + Level 13.4(18.4) Shields
 - Level 10.0 Invocations


You had 15 spell levels left.
You didn't know any spells.
Your spell library was empty.

Inventory:

Hand Weapons
 s - the +3 broad axe "Tyreak" {vorpal, *Slow rPois rC++}
   (Okawaru gifted it to you on level 3 of the Lair of Beasts)

   It inflicts extra damage upon your enemies.
   rC:        It greatly protects you from cold.
   rPois:     It protects you from poison.
   *Slow:     It may slow you when you take damage.
 w - a +6 antimagic morningstar
 H - the +7 broad axe "Qamup" (weapon) {vorpal, Int+6}
   (You bought it in a shop on level 2 of the Orcish Mines)

   It inflicts extra damage upon your enemies.
   Int:       It affects your intelligence (+6).
Armour
 b - a +0 cloak
 k - a +0 kite shield (worn)
 o - the +15 Maxwell's patent armour {-Cast -Tele rElec Will+ rCorr}
   (You found it on level 1 of the Lair of Beasts)

   rElec:     It insulates you from electricity.
   -Cast:     It prevents spellcasting.
   -Tele:     It prevents most forms of teleportation.
   rCorr:     It protects you from acid and corrosion.
   Will:      It increases your willpower.
 r - a +1 plate armour of fire resistance
 x - a +2 hat of see invisible (worn)
 z - a +2 pair of boots (worn)
 A - the +1 pair of gloves of Diyreuj (worn) {Str+2}
   (You found it on level 11 of the Dungeon)

   Str:       It affects your strength (+2).
 D - the +2 hat of Vexation {Drain rC+ rN+}
   (You found it on level 14 of the Dungeon)

   rC:        It protects you from cold.
   rN:        It protects you from negative energy.
   Drain:     It drains your maximum health when unequipped.
 E - the +6 chain mail of Happy Babbling (worn) {Regen+ Int+8}
   (Okawaru gifted it to you on level 1 of the Orcish Mines)

   Int:       It affects your intelligence (+8).
   Regen:     It increases your rate of health regeneration.
 F - a scarf of repulsion (worn)
Jewellery
 j - an amulet of reflection (around neck)
 p - a ring of protection from cold
 q - a ring of ice
 v - a +4 ring of evasion (right hand)
 y - a +4 ring of evasion (left hand)
 G - a ring of resist corrosion
Scrolls
 a - 12 scrolls of teleportation
 e - a scroll of enchant weapon
 f - 13 scrolls of identify
Potions
 c - 4 potions of resistance
 d - 5 potions of might
 g - 3 potions of magic
 h - 14 potions of curing
 i - 3 potions of attraction
 l - 2 potions of haste
 m - 4 potions of lignification
 n - 2 potions of cancellation
 t - a potion of heal wounds
 u - 6 potions of mutation

Dungeon Overview and Level Annotations

Branches:
Dungeon (15/15)            Temple (1/1) D:4            Lair (5/5) D:11
  Swamp (3/4) Lair:3       Spider (0/4) Lair:2        Slime (0/5) Lair:5
    Orc (2/2) D:9             Elf (0/3) Orc:2        Vaults (0/5) D:14
 Depths (0/4) D:15

Altars:
Ashenzari
Cheibriados
Dithmenos
Elyvilon
Fedhas
Gozag
Hepliaklqana
Kikubaaqudgha
Makhleb
Nemelex Xobeh
Okawaru
Qazlal
Ru
Sif Muna
Trog
Uskayaw
Vehumet
Wu Jian
Xom
Yredelemnul
Zin
The Shining One
Jiyva
Lugonu

Shops:
D:7 =   D:13 :   Orc:2 =:*(=[(

Portals:
Abyss: Lair:5
Trove: D:14 (give +4 ice dragon scales)

Annotations:
Lair:3 3 runed translucent doors, qw's ghost, journeyman GrFi


Message History

Press: ? - help, Q - select action Shift-Dir - straight line, f/p - will-o-the-wisp You throw a javelin.
The javelin pierces through the will-o-the-wisp but does no damage.
The will-o-the-wisp is moderately damaged.
The will-o-the-wisp gestures.
The will-o-the-wisp conjures some foxfire!
The will-o-the-wisp blinks!
A foxfire comes into view.
A foxfire comes into view.
The foxfire hits you but does no damage.
The will-o-the-wisp gestures.
The will-o-the-wisp conjures some foxfire! 2 foxfires come into view.
31183 ||| INVOKING Heroism.
You gain the combat prowess of a mighty hero.
The foxfire dissipates!
The foxfire hits you!!
The will-o-the-wisp gestures.
The will-o-the-wisp conjures some foxfire! 2 foxfires come into view.
The foxfire hits you but does no damage.
You slash the foxfire!
The foxfire is lightly damaged.
The foxfire hits you!
The foxfire hits you but does no damage.
The will-o-the-wisp gestures.
The will-o-the-wisp conjures some foxfire! 2 foxfires come into view.
The foxfire hits you but does no damage.
The foxfire hits you!
The will-o-the-wisp blinks!
The will-o-the-wisp gestures.
The will-o-the-wisp conjures some foxfire! 2 foxfires come into view.
The foxfire hits you! The foxfire hits you!!
The will-o-the-wisp gestures.
The will-o-the-wisp conjures some foxfire! 2 foxfires come into view.
The foxfire hits you!! x2
You die...

~~~~>.. ..~777
...~...¤7~~~!~ 7
...~.~~..~.~..7.7
/~~~~~.....~~.~7
...~~~~~.¤¤~~¤..777
¤>~~~~~..v¤¤~..((..
7.~~.~~..¤~v~$~7
7.~~~7...=¤@..~7
...~~.~~.....~7
7~..~~~~~.777
7~.~~~~~~~7
7.~~.~~~~.7
77777.~~¤~~~.~7
777~.7777.~~~~.77
77~.~~777~.~~~..7
77~.~~~0~.~...~~~.7


You could see a will-o-the-wisp.

Vanquished Creatures
  Rupert (D:12)
  A thorn hunter (Swamp:2)
  A sphinx (D:13)
  A shadow dragon (D:13)
  Roxanne (Swamp:2)
  A stone giant (Orc:2)
  4 eleionomae
  3 bunyips
  Snorg (Orc:1)
  2 ettins (D:13)
  An entropy weaver (shapeshifter) (D:14)
  7 hydras
  A shambling mangrove (Swamp:1)
  Harold (Orc:1)
  An ogre mage (Orc:1)
  A catoblepas (Lair:5)
  9 centaur warriors
  4 alligators
  6 two-headed ogres
  3 boulder beetles
  5 death yaks (Lair:4)
  3 orc high priests (Orc:2)
  2 tengu warriors
  3 thrashing horrors (Lair:5)
  A deep elf knight (D:14)
  4 skeletal warriors
  8 goliath frogs
  3 swamp dragons
  6 bog bodies
  3 spriggan druids
  5 orc knights (Orc:2)
  Pikel (D:7)
  6 deep elf pyromancers
  2 deep elf zephyrmancers (D:14)
  5 orc sorcerers (Orc:2)
  A salamander (D:15)
  A wolf spider (D:15)
  An oklob plant (Lair:3)
  2 cyclopes
  6 manticores
  8 ugly things
  9 slime creatures (D:12)
  Maurice (D:8)
  A black mamba (Lair:5)
  A will-o-the-wisp (Swamp:2)
  4 elephants (Lair:5)
  An unseen horror (D:12)
  3 smoke demons (Lair:5)
  2 gargoyles
  7 cane toads
  4 centaur skeletons (D:14)
  2 yaktaurs (D:14)
  2 rime drakes
  2 tengu conjurers
  13 komodo dragons
  A kobold demonologist (D:14)
  2 ancient zymes (Lair:5)
  A bloated husk (Swamp:2)
  2 wolf spider simulacra (D:15)
  4 meliai
  Prince Ribbit (Lair:1)
  A hornet (shapeshifter) (Lair:5)
  A polar bear (Lair:3)
  7 hornets
  6 trolls
  6 tyrant leeches
  21 blink frogs
  2 large abominations (Lair:5)
  7 dream sheep (Lair:5)
  12 small abominations (Lair:5)
  A ynoxinul (Lair:5)
  7 spriggans
  A spriggan (shapeshifter) (D:15)
  3 wyverns
  A vampire (D:13)
  A water elemental (D:13)
  2 shadows
  63 yaks
  A redback (shapeshifter) (D:15)
  Grum (D:9)
  Eustachio (D:4)
  5 basilisks
  3 chaos spawn (Lair:5)
  A steam dragon (D:9)
  11 vampire mosquitoes
  8 swamp worms
  Menkaure (D:6)
  An acid dragon (D:13)
  A warg (Orc:1)
  9 water moccasins
  2 ice beasts
  5 black bears
  5 swamp drakes (Swamp:1)
  18 orc warriors
  A boggart (D:13)
  40 wolves
  9 ogres
  2 lemures (D:7)
  13 centaurs
  11 bullfrogs
  3 kobold brigands
  2 gnoll sergeants
  A necrophage (D:6)
  16 wights
  5 killer bees
  9 electric eels
  2 howler monkeys
  13 orc priests
  4 hounds
  A gnoll bouda (D:7)
  2 jellies (D:6)
  4 iguanas
  A scorpion zombie (D:3)
  18 orc wizards
  A hound zombie (D:3)
  A boggart simulacrum (D:15)
  11 gnolls
  13 adders
  A shadow imp (D:5)
  An adder zombie (D:3)
  A worm (D:2)
  4 dart slugs
  49 orcs
  6 ball pythons
  6 bats
  4 endoplasms
  2 giant cockroaches (D:3)
  11 goblins
  8 hobgoblins
  4 jackals (D:4)
  3 quokkas
  A ball python zombie (D:3)
  3 frilled lizards
  14 kobolds
  6 rats
711 creatures vanquished.

Vanquished Creatures (others)
  Sonja (Lair:2)
  A kobold brigand (D:14)
  13 foxfires
  14 fungi
  11 plants
  10 toadstools (Swamp:2)
50 creatures vanquished.

Grand Total: 761 creatures vanquished

Notes
Turn   | Place    | Note
-------+----------+-------------------------------------------
     0 | D:1      | qw the Gargoyle Fighter began the quest for the Orb.
     0 | D:1      | Reached XP level 1. HP: 14/14 MP: 1/1
     0 | D:1      | 0 ||| qw: Version: 0.2-a-17-gfa9de96
     0 | D:1      | 0 ||| qw: Game counter: 2011
     0 | D:1      | 0 ||| qw: Always use a shield: true
     0 | D:1      | 0 ||| qw: God list: Okawaru
     0 | D:1      | 0 ||| qw: Allow faded altars: false
     0 | D:1      | 0 ||| qw: Do Orc after D:15 true
     0 | D:1      | 0 ||| qw: Do second Lair branch before Depths: true
     0 | D:1      | 0 ||| qw: Lair rune preference: random
     0 | D:1      | 0 ||| qw: Plans: Normal, Zot:1-4, God:TSO, Crypt, Tomb,
                  | Pan, Slime:5, Hells, Abyss, Orb
     0 | D:1      | 0 ||| PLANNING D:1-11
    46 | D:1      | Found a faded altar of an unknown god.
   123 | D:1      | Reached skill level 2 in Axes
   313 | D:1      | Reached XP level 2. HP: 15/19 MP: 2/2
   313 | D:1      | 313 ||| Stepping ~*~*~tactically~*~*~ (stealth).
   314 | D:1      | 314 ||| Stepping ~*~*~tactically~*~*~ (stealth).
   579 | D:1      | Reached skill level 3 in Axes
   630 | D:1      | 630 ||| READING 2 scrolls labelled IDGHEDGH DATWUA.
   631 | D:1      | 631 ||| READING scroll of enchant weapon.
   631 | D:1      | 631 ||| ENCHANTING +1 war axe.
   632 | D:1      | 632 ||| READING scroll labelled QOUFOE QYTODYPN.
   633 | D:1      | 633 ||| READING scroll labelled HASHRE SUCUW.
   636 | D:1      | 636 ||| READING scroll labelled OLOUCK WAXI.
   645 | D:1      | 645 ||| READING scroll labelled QAKHE CAUPN.
   646 | D:1      | 646 ||| DRINKING 2 bubbling sapphire potions.
   683 | D:2      | 683 ||| STAIRDANCE
   691 | D:2      | 691 ||| STAIRDANCE
   696 | D:1      | Reached XP level 3. HP: 18/23 MP: 3/3
   719 | D:1      | 719 ||| DROPPING +0 mace.
   723 | D:2      | 723 ||| STAIRDANCE
   900 | D:2      | 900 ||| Stepping ~*~*~tactically~*~*~ (stealth).
   936 | D:2      | Reached XP level 4. HP: 28/28 MP: 4/4
  1106 | D:2      | 1106 ||| UPGRADING to +6 ring of dexterity.
  1295 | D:3      | Found a basalt altar of Yredelemnul.
  1311 | D:3      | Reached skill level 1 in Dodging
  1315 | D:3      | Reached skill level 4 in Axes
  1457 | D:3      | 1457 ||| Stepping ~*~*~tactically~*~*~ (hiding).
  1621 | D:3      | 1621 ||| READING scroll of enchant weapon.
  1621 | D:3      | 1621 ||| ENCHANTING +2 war axe.
  1630 | D:3      | Noticed a gnoll sergeant
  1631 | D:3      | 1631 ||| Stepping ~*~*~tactically~*~*~ (stealth).
  1633 | D:3      | 1633 ||| Stepping ~*~*~tactically~*~*~ (hiding).
  1634 | D:3      | 1634 ||| Stepping ~*~*~tactically~*~*~ (stealth).
  1639 | D:3      | Reached XP level 5. HP: 32/32 MP: 5/5
  1648 | D:3      | 1648 ||| Stepping ~*~*~tactically~*~*~ (hiding).
  1652 | D:3      | Reached skill level 5 in Axes
  1676 | D:3      | 1676 ||| FLEEEEING.
  1679 | D:3      | 1679 ||| FLEEEEING.
  1680 | D:3      | 1680 ||| FLEEEEING.
  1681 | D:3      | 1681 ||| FLEEEEING.
  1682 | D:3      | 1682 ||| FLEEEEING.
  1683 | D:3      | 1683 ||| FLEEEEING.
  1684 | D:3      | 1684 ||| FLEEEEING.
  1686 | D:3      | 1686 ||| STAIRDANCE
  1710 | D:2      | 1710 ||| UPGRADING to amulet of reflection.
  1715 | D:2      | 1715 ||| READING 2 scrolls of identify.
  1715 | D:2      | 1715 ||| IDENTIFYING murky golden potion
  1716 | D:2      | 1716 ||| DROPPING potion of ambrosia.
  1731 | D:3      | 1731 ||| DROPPING +0 flail.
  1735 | D:3      | 1735 ||| Stepping ~*~*~tactically~*~*~ (stealth).
  1749 | D:3      | Reached XP level 6. HP: 37/37 MP: 6/6
  1758 | D:3      | 1758 ||| Stepping ~*~*~tactically~*~*~ (stealth).
  1788 | D:3      | 1788 ||| Stepping ~*~*~tactically~*~*~ (stealth).
  1791 | D:3      | 1791 ||| Stepping ~*~*~tactically~*~*~ (stealth).
  1809 | D:3      | 1809 ||| Stepping ~*~*~tactically~*~*~ (stealth).
  2042 | D:3      | 2042 ||| UPGRADING to +1 pair of gloves.
  2047 | D:3      | 2047 ||| DROPPING amulet of regeneration.
  2048 | D:3      | 2048 ||| READING scroll labelled GUGROF BEAPOGRIEM.
  2049 | D:3      | 2049 ||| DRINKING 2 cyan potions.
  2050 | D:3      | 2050 ||| READING 2 scrolls of identify.
  2050 | D:3      | 2050 ||| IDENTIFYING bubbling pink potion
  2051 | D:3      | 2051 ||| DROPPING potion of degeneration.
  2380 | D:4      | 2380 ||| Stepping ~*~*~tactically~*~*~ (stealth).
  2387 | D:4      | 2387 ||| Stepping ~*~*~tactically~*~*~ (stealth).
  2388 | D:4      | 2388 ||| Stepping ~*~*~tactically~*~*~ (stealth).
  2393 | D:4      | Noticed Eustachio
  2413 | D:4      | Killed Eustachio
  2414 | D:4      | Reached skill level 6 in Axes
  2414 | D:4      | Reached XP level 7. HP: 27/43 MP: 7/7
  2479 | D:4      | Found an ancient bone altar of Kikubaaqudgha.
  2519 | D:4      | Found a staircase to the Ecumenical Temple.
  2520 | D:4      | 2520 ||| PLANNING TEMPLE
  2520 | D:4      | 2520 ||| UPGRADING to +0 kite shield.
  2530 | D:4      | 2530 ||| DROPPING +0 buckler.
  2531 | D:4      | 2531 ||| DRINKING 2 viscous brown potions.
  2532 | D:4      | 2532 ||| READING 2 scrolls of identify.
  2532 | D:4      | 2532 ||| IDENTIFYING golden potion
  2533 | D:4      | 2533 ||| DROPPING potion of berserk rage.
  2541 | D:4      | 2541 ||| FLEEEEING.
  2560 | Temple   | Entered the Ecumenical Temple
  2584 | Temple   | 2584 ||| PLANNING OKAWARU WORSHIP
  2829 | Temple   | Became a worshipper of Warmaster Okawaru
  2830 | Temple   | 2830 ||| PLANNING D:1-11
  2875 | D:4      | Identified the +9 falchion of Zin's Esteem {venom, *Noise
                  | rElec rC+++ Stlth+}
  2971 | D:5      | Entered Level 5 of the Dungeon
  3061 | D:5      | 3061 ||| Stepping ~*~*~tactically~*~*~ (stealth).
  3213 | D:5      | Reached * piety under Okawaru
  3276 | D:5      | 3276 ||| Stepping ~*~*~tactically~*~*~ (hiding).
  3277 | D:5      | 3277 ||| Stepping ~*~*~tactically~*~*~ (hiding).
  3281 | D:5      | 3281 ||| INVOKING Heroism.
  3283 | D:5      | Reached skill level 1 in Invocations
  3310 | D:5      | You fall into a shaft and drop 1 floor!
  3354 | D:6      | 3354 ||| INVOKING Heroism.
  3367 | D:6      | 3367 ||| INVOKING Heroism.
  3416 | D:6      | 3416 ||| INVOKING Heroism.
  3423 | D:6      | Reached skill level 6 in Shields
  3423 | D:6      | Reached XP level 8. HP: 43/48 MP: 6/9
  3521 | D:6      | Reached skill level 3 in Invocations
  3580 | D:6      | 3580 ||| INVOKING Heroism.
  3590 | D:6      | 3590 ||| Stepping ~*~*~tactically~*~*~ (hiding).
  3590 | D:6      | Noticed Menkaure
  3596 | D:6      | Killed Menkaure
  3597 | D:6      | Reached skill level 7 in Axes
  3603 | D:6      | 3603 ||| INVOKING Heroism.
  3688 | D:6      | 3688 ||| READING 3 scrolls labelled FANLUQEURY.
  3789 | D:6      | 3789 ||| DRINKING 2 fuming emerald potions.
  3790 | D:6      | 3790 ||| DROPPING 2 scrolls of silence.
  4026 | D:5      | 4026 ||| INVOKING Heroism.
  4035 | D:5      | Reached ** piety under Okawaru
  4047 | D:5      | 4047 ||| READING scroll labelled DYUZOITUVY.
  4048 | D:5      | 4048 ||| READING scroll labelled KEVEPA OLUSI.
  4103 | D:6      | Reached XP level 9. HP: 54/54 MP: 12/12
  4613 | D:6      | 4613 ||| UPGRADING to +0 chain mail.
  4623 | D:6      | 4623 ||| DROPPING +0 scale mail.
  4624 | D:6      | 4624 ||| UPGRADING to +0 pair of boots.
  4629 | D:6      | 4629 ||| READING scroll labelled REDUGOAMIPT.
  4630 | D:6      | 4630 ||| READING scroll labelled QIRYUTRAETO.
  4631 | D:6      | 4631 ||| DRINKING 2 orange potions.
  4632 | D:6      | 4632 ||| READING 3 scrolls of identify.
  4632 | D:6      | 4632 ||| IDENTIFYING yellow potion
  4633 | D:6      | 4633 ||| READING 2 scrolls of identify.
  4633 | D:6      | 4633 ||| IDENTIFYING fuming ruby potion
  4634 | D:6      | 4634 ||| DROPPING potion of flight.
  4640 | D:7      | Found Onkaobbu's Jewellery Shop.
  4641 | D:7      | 4641 ||| PLANNING OSSUARY
  4644 | D:7      | 4644 ||| BUYING ring of ice (300 gold).
  4644 | D:7      | Bought a ring of ice for 300 gold pieces
  4644 | D:7      | 4644 ||| SHOPLISTING ring of resist corrosion (240 gold,
                  | have 94).
  4644 | D:7      | 4644 ||| SHOPLISTING ring of the Tortoise {AC+8} (1536
                  | gold, have 94).
  4644 | D:7      | 4644 ||| SHOPLISTING ring of willpower (300 gold, have 94).
  4665 | D:7      | 4665 ||| Stepping ~*~*~tactically~*~*~ (hiding).
  4673 | D:7      | 4673 ||| INVOKING Heroism.
  4690 | D:7      | 4690 ||| Stepping ~*~*~tactically~*~*~ (hiding).
  4693 | D:7      | 4693 ||| Stepping ~*~*~tactically~*~*~ (stealth).
  4694 | D:7      | 4694 ||| Stepping ~*~*~tactically~*~*~ (hiding).
  4695 | D:7      | 4695 ||| Stepping ~*~*~tactically~*~*~ (hiding).
  4838 | D:7      | Noticed Pikel
  4839 | D:7      | 4839 ||| INVOKING Heroism.
  4840 | D:7      | 4840 ||| Stepping ~*~*~tactically~*~*~ (stealth).
  4848 | D:7      | Killed Pikel
  4849 | D:7      | Reached skill level 8 in Axes
  4860 | D:7      | 4860 ||| INVOKING Heroism.
  4861 | D:7      | 4861 ||| Stepping ~*~*~tactically~*~*~ (stealth).
  4933 | D:7      | 4933 ||| INVOKING Heroism.
  4936 | D:7      | Reached skill level 6 in Fighting
  5103 | D:7      | 5103 ||| INVOKING Heroism.
  5197 | D:7      | 5197 ||| Stepping ~*~*~tactically~*~*~ (hiding).
  5205 | D:7      | Reached *** piety under Okawaru
  5406 | D:7      | 5406 ||| RIP OSSUARY
  5408 | D:7      | 5408 ||| PLANNING D:1-11
  5410 | D:7      | Identified the +6 spear "Bocigat" {vorpal, rPois rF- Str+3
                  | Int+4 Dex+2}
  5502 | D:7      | 5502 ||| Stepping ~*~*~tactically~*~*~ (stealth).
  5505 | D:7      | 5505 ||| INVOKING Heroism.
  5669 | D:7      | 5669 ||| UPGRADING to ring of protection from cold.
  5670 | D:7      | 5670 ||| READING scroll labelled YNADEKHLOJY.
  5671 | D:7      | 5671 ||| READING scroll labelled ZUCIEPP ACAIX.
  5672 | D:7      | 5672 ||| READING 2 scrolls of identify.
  5672 | D:7      | 5672 ||| IDENTIFYING pink potion
  5841 | D:8      | Reached skill level 1 in Throwing
  5901 | D:8      | Found the +0 staff of Battle
  5903 | D:8      | Noticed a tengu conjurer
  5913 | D:8      | 5913 ||| INVOKING Heroism.
  5917 | D:8      | Killed a tengu conjurer
  5918 | D:8      | Reached skill level 9 in Axes
  5918 | D:8      | Reached XP level 10. HP: 39/60 MP: 10/13
  6204 | D:8      | 6204 ||| INVOKING Heroism.
  6380 | D:8      | 6380 ||| Stepping ~*~*~tactically~*~*~ (hiding).
  6381 | D:8      | 6381 ||| INVOKING Heroism.
  6417 | D:8      | Noticed Maurice
  6455 | D:8      | Killed Maurice
  6555 | D:8      | 6555 ||| Stepping ~*~*~tactically~*~*~ (stealth).
  6557 | D:8      | 6557 ||| Stepping ~*~*~tactically~*~*~ (stealth).
  6559 | D:8      | 6559 ||| Stepping ~*~*~tactically~*~*~ (stealth).
  6565 | D:8      | 6565 ||| INVOKING Heroism.
  6575 | D:8      | Reached **** piety under Okawaru
  6625 | D:8      | 6625 ||| UPGRADING to +0 cloak.
  6630 | D:8      | 6630 ||| READING 5 scrolls of identify.
  6630 | D:8      | 6630 ||| IDENTIFYING sapphire potion
  6631 | D:8      | 6631 ||| DROPPING potion of invisibility.
  6644 | D:9      | 6644 ||| STAIRDANCE
  6655 | D:9      | 6655 ||| STAIRDANCE
  6661 | D:9      | 6661 ||| STAIRDANCE
  6663 | D:8      | 6663 ||| INVOKING Heroism.
  6681 | D:8      | 6681 ||| UPGRADING to +0 plate armour.
  6691 | D:8      | 6691 ||| DROPPING +0 chain mail.
  6695 | D:9      | 6695 ||| STAIRDANCE
  6707 | D:9      | 6707 ||| STAIRDANCE
  6793 | D:9      | 6793 ||| Stepping ~*~*~tactically~*~*~ (stealth).
  6794 | D:9      | 6794 ||| INVOKING Heroism.
  6804 | D:9      | Reached skill level 6 in Armour
  6902 | D:9      | Noticed a two-headed ogre
  6903 | D:9      | 6903 ||| INVOKING Heroism.
  6912 | D:9      | Killed a two-headed ogre
  6913 | D:9      | Reached skill level 9 in Shields
  6913 | D:9      | Reached skill level 6 in Invocations
  6985 | D:9      | 6985 ||| INVOKING Heroism.
  6995 | D:9      | Reached XP level 11. HP: 67/67 MP: 13/15
  7007 | D:9      | Found a staircase to the Orcish Mines.
  7018 | D:9      | 7018 ||| Stepping ~*~*~tactically~*~*~ (stealth).
  7020 | D:9      | 7020 ||| Stepping ~*~*~tactically~*~*~ (stealth).
  7032 | D:9      | 7032 ||| Stepping ~*~*~tactically~*~*~ (hiding).
  7047 | D:9      | 7047 ||| INVOKING Heroism.
  7115 | D:9      | 7115 ||| FLEEEEING.
  7122 | D:9      | 7122 ||| Stepping ~*~*~tactically~*~*~ (stealth).
  7124 | D:9      | 7124 ||| INVOKING Heroism.
  7168 | D:9      | 7168 ||| Stepping ~*~*~tactically~*~*~ (stealth).
  7192 | D:9      | 7192 ||| Stepping ~*~*~tactically~*~*~ (stealth).
  7205 | D:9      | 7205 ||| Stepping ~*~*~tactically~*~*~ (stealth).
  7206 | D:9      | 7206 ||| Stepping ~*~*~tactically~*~*~ (stealth).
  7210 | D:9      | 7210 ||| INVOKING Heroism.
  7254 | D:9      | 7254 ||| Stepping ~*~*~tactically~*~*~ (stealth).
  7256 | D:9      | 7256 ||| INVOKING Heroism.
  7264 | D:9      | Received a gift from Okawaru
  7420 | D:9      | 7420 ||| FLEEEEING.
  7421 | D:9      | 7421 ||| FLEEEEING.
  7421 | D:9      | Noticed Grum
  7422 | D:9      | 7422 ||| Stepping ~*~*~tactically~*~*~ (stealth).
  7430 | D:9      | 7430 ||| INVOKING Heroism.
  7451 | D:9      | 7451 ||| READING scroll of enchant armour.
  7451 | D:9      | 7451 ||| ENCHANTING +1 pair of gloves.
  7453 | D:9      | 7453 ||| Stepping ~*~*~tactically~*~*~ (stealth).
  7454 | D:9      | 7454 ||| Stepping ~*~*~tactically~*~*~ (stealth).
  7461 | D:9      | 7461 ||| Stepping ~*~*~tactically~*~*~ (hiding).
  7462 | D:9      | 7462 ||| Stepping ~*~*~tactically~*~*~ (hiding).
  7471 | D:9      | Killed Grum
  7529 | D:9      | 7529 ||| Stepping ~*~*~tactically~*~*~ (stealth).
  7533 | D:9      | 7533 ||| Stepping ~*~*~tactically~*~*~ (hiding).
  7535 | D:9      | 7535 ||| Stepping ~*~*~tactically~*~*~ (hiding).
  7544 | D:9      | 7544 ||| Stepping ~*~*~tactically~*~*~ (stealth).
  7549 | D:9      | 7549 ||| Stepping ~*~*~tactically~*~*~ (stealth).
  7574 | D:9      | 7574 ||| DROPPING +1 flail of holy wrath.
  7661 | D:9      | 7661 ||| Stepping ~*~*~tactically~*~*~ (stealth).
  7831 | D:9      | 7831 ||| UPGRADING to +0 plate armour of fire resistance.
  7841 | D:9      | 7841 ||| DROPPING +0 plate armour.
  7879 | D:10     | Entered Level 10 of the Dungeon
  7886 | D:10     | Found a stormy altar of Qazlal.
  7919 | D:10     | 7919 ||| FLEEEEING.
  7922 | D:10     | 7922 ||| FLEEEEING.
  7923 | D:10     | 7923 ||| FLEEEEING.
  7924 | D:10     | 7924 ||| FLEEEEING.
  7925 | D:10     | 7925 ||| FLEEEEING.
  7927 | D:10     | 7927 ||| STAIRDANCE
  7956 | D:10     | 7956 ||| Stepping ~*~*~tactically~*~*~ (hiding).
  7969 | D:10     | 7969 ||| INVOKING Heroism.
  8079 | D:10     | 8079 ||| INVOKING Heroism.
  8098 | D:10     | Found a burning altar of Makhleb.
  8203 | D:10     | Found a hazy altar of Hepliaklqana.
  8206 | D:10     | Found an opulent altar of Gozag.
  8209 | D:10     | Found a bloodstained altar of Trog.
  8212 | D:10     | Found a shadowy altar of Dithmenos.
  8276 | D:10     | Found a flagged portal.
  8576 | D:10     | 8576 ||| READING 5 scrolls of identify.
  8576 | D:10     | 8576 ||| IDENTIFYING murky puce potion
  8577 | D:10     | 8577 ||| READING 4 scrolls of identify.
  8577 | D:10     | 8577 ||| IDENTIFYING black potion
  8616 | D:11     | 8616 ||| INVOKING Heroism.
  8621 | D:11     | 8621 ||| STAIRDANCE
  8636 | D:11     | Received a gift from Okawaru
  8682 | D:11     | Noticed a manticore
  8683 | D:11     | 8683 ||| Stepping ~*~*~tactically~*~*~ (hiding).
  8685 | D:11     | 8685 ||| Stepping ~*~*~tactically~*~*~ (hiding).
  8687 | D:11     | 8687 ||| INVOKING Heroism.
  8699 | D:11     | Killed a manticore
  8700 | D:11     | Reached skill level 10 in Axes
  8832 | D:11     | Identified the +1 pair of gloves of Diyreuj {Str+2}
  8925 | D:11     | 8925 ||| READING scroll of enchant armour.
  8925 | D:11     | 8925 ||| ENCHANTING +0 plate armour of fire resistance.
  8938 | D:11     | Identified the +1 leather armour "Icevaiby" {Harm Int+6
                  | Dex+6}
  8943 | D:11     | 8943 ||| INVOKING Heroism.
  8945 | D:11     | Found a staircase to the Lair.
  8952 | D:11     | Received a gift from Okawaru
  8980 | D:11     | 8980 ||| INVOKING Heroism.
  9016 | D:11     | 9016 ||| INVOKING Heroism.
  9109 | D:11     | Noticed a two-headed ogre
  9110 | D:11     | 9110 ||| Stepping ~*~*~tactically~*~*~ (stealth).
  9120 | D:11     | Noticed a two-headed ogre
  9122 | D:11     | 9122 ||| INVOKING Heroism.
  9129 | D:11     | Killed a two-headed ogre
  9130 | D:11     | Reached skill level 9 in Invocations
  9207 | D:11     | Found a basalt altar of Yredelemnul.
  9282 | D:11     | 9282 ||| INVOKING Heroism.
  9337 | D:11     | 9337 ||| Stepping ~*~*~tactically~*~*~ (water).
  9415 | D:11     | 9415 ||| Stepping ~*~*~tactically~*~*~ (stealth).
  9514 | D:11     | Found a broken altar of Ashenzari.
  9518 | D:11     | 9518 ||| Stepping ~*~*~tactically~*~*~ (stealth).
  9519 | D:11     | 9519 ||| Stepping ~*~*~tactically~*~*~ (stealth).
  9521 | D:11     | 9521 ||| INVOKING Heroism.
  9526 | D:11     | Killed a two-headed ogre
  9526 | D:11     | Reached ***** piety under Okawaru
  9629 | D:11     | 9629 ||| PLANNING LAIR
  9629 | D:11     | 9629 ||| UPGRADING to +1 pair of boots.
  9639 | D:11     | 9639 ||| DROPPING +0 pair of boots.
  9640 | D:11     | 9640 ||| UPGRADING to +1 pair of gloves of Diyreuj {Str+2}.
  9650 | D:11     | 9650 ||| DROPPING +2 pair of gloves.
  9651 | D:11     | 9651 ||| READING scroll labelled BIUTHR YLUDDIAL.
  9718 | Lair:1   | Entered Level 1 of the Lair of Beasts
  9719 | Lair:1   | 9719 ||| INVOKING Heroism.
  9735 | Lair:1   | Reached skill level 3 in Throwing
  9735 | Lair:1   | Reached XP level 12. HP: 57/73 MP: 19/19
  9809 | Lair:1   | Found the +15 Maxwell's patent armour {-Cast -Tele rElec
                  | Will+ rCorr}
  9940 | Lair:1   | 9940 ||| INVOKING Heroism.
 10129 | Lair:1   | 10129 ||| INVOKING Heroism.
 10159 | Lair:1   | Noticed Prince Ribbit
 10175 | Lair:1   | Received a gift from Okawaru
 10176 | Lair:1   | Reached skill level 11 in Axes
 10182 | Lair:1   | Killed Prince Ribbit
 10243 | Lair:1   | 10243 ||| INVOKING Heroism.
 10495 | Lair:2   | 10495 ||| INVOKING Heroism.
 10570 | Lair:2   | 10570 ||| INVOKING Heroism.
 10587 | Lair:2   | Noticed a six-headed hydra
 10588 | Lair:2   | 10588 ||| INVOKING Finesse.
 10592 | Lair:2   | 10592 ||| SWAPPING to +1 morningstar.
 10598 | Lair:2   | Killed a six-headed hydra
 10598 | Lair:2   | Received a gift from Okawaru
 10599 | Lair:2   | 10599 ||| SWAPPING to +3 war axe.
 10678 | Lair:2   | 10678 ||| INVOKING Heroism.
 10679 | Lair:2   | Noticed a four-headed hydra
 10680 | Lair:2   | 10680 ||| INVOKING Finesse.
 10687 | Lair:2   | 10687 ||| SWAPPING to +1 morningstar.
 10688 | Lair:2   | 10688 ||| Stepping ~*~*~tactically~*~*~ (outnumbered).
 10701 | Lair:2   | Killed a four-headed hydra
 10702 | Lair:2   | 10702 ||| SWAPPING to +3 war axe.
 10711 | Lair:2   | Reached skill level 9 in Fighting
 10773 | Lair:2   | 10773 ||| INVOKING Heroism.
 10774 | Lair:2   | Found a hole to the Spider Nest.
 10781 | Lair:2   | HP: 19/76 [meliai/+0 war axe (7)]
 10782 | Lair:2   | 10782 ||| READING 6 scrolls of teleportation.
 10783 | Lair:2   | 10783 ||| DRINKING 2 potions of heal wounds.
 11001 | Lair:2   | 11001 ||| INVOKING Heroism.
 11168 | Lair:2   | 11168 ||| Stepping ~*~*~tactically~*~*~ (stealth).
 11382 | Lair:2   | Noticed Sonja
 11383 | Lair:2   | 11383 ||| INVOKING Finesse.
 11401 | Lair:2   | Killed Sonja
 11582 | Lair:3   | Found a shimmering altar of Xom.
 11644 | Lair:3   | Found a runed translucent gate.
 11645 | Lair:3   | Found a runed translucent gate.
 11647 | Lair:3   | Found a runed translucent gate.
 11650 | Lair:3   | Noticed a minotaur
 11654 | Lair:3   | Noticed qw's ghost (journeyman GrFi)
 11714 | Lair:3   | 11714 ||| INVOKING Heroism.
 11718 | Lair:3   | 11718 ||| Stepping ~*~*~tactically~*~*~ (stealth).
 11724 | Lair:3   | Reached skill level 12 in Axes
 11724 | Lair:3   | 11724 ||| Stepping ~*~*~tactically~*~*~ (stealth).
 11750 | Lair:3   | Identified the +3 broad axe "Tyreak" {vorpal, *Slow rPois
                  | rC++} (Okawaru gifted it to you on level 3 of the Lair of
                  | Beasts)
 11750 | Lair:3   | Received a gift from Okawaru
 11760 | Lair:3   | 11760 ||| SWAPPING to +3 broad axe "Tyreak" {vorpal, *Slow
                  | rPois rC++}.
 11761 | Lair:3   | 11761 ||| DROPPING +3 war axe.
 11763 | Lair:3   | 11763 ||| Stepping ~*~*~tactically~*~*~ (stealth).
 11766 | Lair:3   | 11766 ||| INVOKING Heroism.
 11779 | Lair:3   | Reached skill level 9 in Armour
 11789 | Lair:3   | Reached XP level 13. HP: 80/80 MP: 20/20
 11818 | Lair:3   | 11818 ||| INVOKING Heroism.
 11828 | Lair:3   | Reached skill level 3 in Dodging
 11940 | Lair:3   | 11940 ||| Stepping ~*~*~tactically~*~*~ (hiding).
 12308 | Lair:3   | 12308 ||| INVOKING Heroism.
 12309 | Lair:3   | 12309 ||| INVOKING Finesse.
 12374 | Lair:3   | 12374 ||| INVOKING Heroism.
 12390 | Lair:3   | 12390 ||| Stepping ~*~*~tactically~*~*~ (hiding).
 12407 | Lair:3   | 12407 ||| INVOKING Heroism.
 12409 | Lair:3   | Found a staircase to the Swamp.
 12757 | Lair:4   | 12757 ||| INVOKING Heroism.
 12760 | Lair:4   | 12760 ||| Stepping ~*~*~tactically~*~*~ (stealth).
 12775 | Lair:4   | 12775 ||| INVOKING Finesse.
 12799 | Lair:4   | Received a gift from Okawaru
 12940 | Lair:4   | 12940 ||| INVOKING Heroism.
 12943 | Lair:4   | 12943 ||| Stepping ~*~*~tactically~*~*~ (stealth).
 13139 | Lair:4   | Reached skill level 13 in Axes
 13200 | Lair:4   | 13200 ||| Stepping ~*~*~tactically~*~*~ (stealth).
 13202 | Lair:4   | 13202 ||| Stepping ~*~*~tactically~*~*~ (stealth).
 13204 | Lair:4   | 13204 ||| Stepping ~*~*~tactically~*~*~ (stealth).
 13206 | Lair:4   | 13206 ||| Stepping ~*~*~tactically~*~*~ (stealth).
 13208 | Lair:4   | 13208 ||| INVOKING Heroism.
 13261 | Lair:4   | 13261 ||| Stepping ~*~*~tactically~*~*~ (hiding).
 13270 | Lair:4   | 13270 ||| Stepping ~*~*~tactically~*~*~ (stealth).
 13287 | Lair:4   | Received a gift from Okawaru
 13332 | Lair:4   | 13332 ||| Stepping ~*~*~tactically~*~*~ (stealth).
 13336 | Lair:4   | 13336 ||| INVOKING Heroism.
 13517 | Lair:4   | 13517 ||| INVOKING Heroism.
 13518 | Lair:4   | 13518 ||| INVOKING Finesse.
 13922 | Lair:5   | Entered Level 5 of the Lair of Beasts
 13957 | Lair:5   | 13957 ||| INVOKING Heroism.
 14031 | Lair:5   | 14031 ||| INVOKING Heroism.
 14032 | Lair:5   | 14032 ||| Stepping ~*~*~tactically~*~*~ (stealth).
 14039 | Lair:5   | Gained mutation: Your large and strong wings let you fly.
                  | [Gargoyle growth]
 14039 | Lair:5   | Reached XP level 14. HP: 88/88 MP: 19/21
 14052 | Lair:5   | Received a gift from Okawaru
 14191 | Lair:5   | Reached skill level 14 in Axes
 14418 | Lair:5   | 14418 ||| INVOKING Heroism.
 14485 | Lair:5   | 14485 ||| INVOKING Heroism.
 14540 | Lair:5   | Found a viscous altar of Jiyva.
 14540 | Lair:5   | Found a staircase to the Slime Pits.
 14767 | Lair:5   | Reached ****** piety under Okawaru
 14786 | Lair:5   | Received a gift from Okawaru
 14897 | Lair:5   | 14897 ||| Stepping ~*~*~tactically~*~*~ (hiding).
 14994 | Lair:5   | 14994 ||| Stepping ~*~*~tactically~*~*~ (hiding).
 15106 | Lair:5   | 15106 ||| Stepping ~*~*~tactically~*~*~ (stealth).
 15108 | Lair:5   | 15108 ||| Stepping ~*~*~tactically~*~*~ (stealth).
 15157 | Lair:5   | 15157 ||| INVOKING Heroism.
 15158 | Lair:5   | 15158 ||| INVOKING Finesse.
 15178 | Lair:5   | Reached skill level 12 in Shields
 15224 | Lair:5   | 15224 ||| Stepping ~*~*~tactically~*~*~ (stealth).
 15322 | Lair:5   | 15322 ||| Stepping ~*~*~tactically~*~*~ (stealth).
 15343 | Lair:5   | 15343 ||| INVOKING Heroism.
 15397 | Lair:5   | 15397 ||| FLEEEEING.
 15398 | Lair:5   | 15398 ||| FLEEEEING.
 15399 | Lair:5   | 15399 ||| FLEEEEING.
 15409 | Lair:5   | 15409 ||| FLEEEEING.
 15410 | Lair:5   | 15410 ||| FLEEEEING.
 15411 | Lair:5   | 15411 ||| FLEEEEING.
 15418 | Lair:5   | 15418 ||| FLEEEEING.
 15419 | Lair:5   | 15419 ||| FLEEEEING.
 15420 | Lair:5   | 15420 ||| FLEEEEING.
 15421 | Lair:5   | 15421 ||| Stepping ~*~*~tactically~*~*~ (hiding).
 15425 | Lair:5   | 15425 ||| INVOKING Heroism.
 15515 | Lair:5   | 15515 ||| Stepping ~*~*~tactically~*~*~ (stealth).
 15542 | Lair:5   | 15542 ||| INVOKING Heroism.
 15548 | Lair:5   | 15548 ||| Stepping ~*~*~tactically~*~*~ (stealth).
 15573 | Lair:5   | 15573 ||| FLEEEEING.
 15575 | Lair:5   | 15575 ||| FLEEEEING.
 15576 | Lair:5   | 15576 ||| FLEEEEING.
 15577 | Lair:5   | 15577 ||| FLEEEEING.
 15587 | Lair:5   | 15587 ||| FLEEEEING.
 15588 | Lair:5   | 15588 ||| FLEEEEING.
 15596 | Lair:5   | 15596 ||| FLEEEEING.
 15597 | Lair:5   | 15597 ||| FLEEEEING.
 15598 | Lair:5   | 15598 ||| FLEEEEING.
 15599 | Lair:5   | 15599 ||| FLEEEEING.
 15600 | Lair:5   | 15600 ||| FLEEEEING.
 15615 | Lair:5   | Received a gift from Okawaru
 15714 | Lair:5   | Found a corrupted altar of Lugonu.
 15716 | Lair:5   | Found a one-way gate to the infinite horrors of the Abyss.
 15729 | Lair:5   | 15729 ||| PLANNING D
 15729 | Lair:5   | 15729 ||| UPGRADING to +2 hat of see invisible.
 15734 | Lair:5   | 15734 ||| UPGRADING to +4 ring of evasion.
 15736 | Lair:5   | 15736 ||| UPGRADING to +6 ring of dexterity.
 15934 | D:12     | 15934 ||| INVOKING Heroism.
 16243 | D:12     | 16243 ||| Stepping ~*~*~tactically~*~*~ (stealth).
 16245 | D:12     | 16245 ||| Stepping ~*~*~tactically~*~*~ (stealth).
 16247 | D:12     | 16247 ||| Stepping ~*~*~tactically~*~*~ (stealth).
 16252 | D:12     | 16252 ||| Stepping ~*~*~tactically~*~*~ (stealth).
 16253 | D:12     | 16253 ||| FLEEEEING.
 16254 | D:12     | 16254 ||| FLEEEEING.
 16255 | D:12     | 16255 ||| FLEEEEING.
 16256 | D:12     | 16256 ||| FLEEEEING.
 16257 | D:12     | 16257 ||| FLEEEEING.
 16258 | D:12     | 16258 ||| FLEEEEING.
 16259 | D:12     | 16259 ||| FLEEEEING.
 16260 | D:12     | 16260 ||| FLEEEEING.
 16261 | D:12     | 16261 ||| FLEEEEING.
 16262 | D:12     | 16262 ||| FLEEEEING.
 16263 | D:12     | 16263 ||| FLEEEEING.
 16264 | D:12     | 16264 ||| FLEEEEING.
 16265 | D:12     | 16265 ||| INVOKING Heroism.
 16278 | D:12     | 16278 ||| Stepping ~*~*~tactically~*~*~ (stealth).
 16358 | D:12     | 16358 ||| Stepping ~*~*~tactically~*~*~ (stealth).
 16359 | D:12     | 16359 ||| Stepping ~*~*~tactically~*~*~ (stealth).
 16366 | D:12     | 16366 ||| Stepping ~*~*~tactically~*~*~ (stealth).
 16367 | D:12     | 16367 ||| Stepping ~*~*~tactically~*~*~ (stealth).
 16368 | D:12     | 16368 ||| Stepping ~*~*~tactically~*~*~ (stealth).
 16370 | D:12     | 16370 ||| Stepping ~*~*~tactically~*~*~ (stealth).
 16373 | D:12     | Reached skill level 15 in Axes
 16386 | D:12     | 16386 ||| Stepping ~*~*~tactically~*~*~ (stealth).
 16389 | D:12     | 16389 ||| Stepping ~*~*~tactically~*~*~ (stealth).
 16403 | D:12     | 16403 ||| Stepping ~*~*~tactically~*~*~ (stealth).
 16406 | D:12     | 16406 ||| Stepping ~*~*~tactically~*~*~ (stealth).
 16407 | D:12     | 16407 ||| Stepping ~*~*~tactically~*~*~ (stealth).
 16409 | D:12     | 16409 ||| INVOKING Heroism.
 16574 | D:12     | Found a shimmering blue altar of Sif Muna.
 16729 | D:12     | Noticed Rupert
 16730 | D:12     | 16730 ||| INVOKING Heroism.
 16731 | D:12     | 16731 ||| INVOKING Finesse.
 16734 | D:12     | 16734 ||| DRINKING 9 potions of curing.
 16734 | D:12     | 16734 ||| (to cure confusion)
 16739 | D:12     | Killed Rupert
 16791 | D:12     | 16791 ||| INVOKING Heroism.
 16846 | D:12     | 16846 ||| Stepping ~*~*~tactically~*~*~ (stealth).
 16848 | D:12     | 16848 ||| Stepping ~*~*~tactically~*~*~ (stealth).
 16972 | D:12     | 16972 ||| Stepping ~*~*~tactically~*~*~ (hiding).
 17272 | D:12     | 17272 ||| READING 8 scrolls of identify.
 17272 | D:12     | 17272 ||| IDENTIFYING clear potion
 17273 | D:12     | 17273 ||| DROPPING potion of brilliance.
 17473 | D:13     | Reached XP level 15. HP: 88/94 MP: 22/22
 17862 | D:13     | 17862 ||| Stepping ~*~*~tactically~*~*~ (hiding).
 18060 | D:13     | Found Qorr's Book Boutique.
 18073 | D:13     | 18073 ||| Stepping ~*~*~tactically~*~*~ (hiding).
 18078 | D:13     | 18078 ||| INVOKING Heroism.
 18081 | D:13     | 18081 ||| Stepping ~*~*~tactically~*~*~ (hiding).
 18244 | D:13     | Reached skill level 12 in Fighting
 18312 | D:13     | 18312 ||| INVOKING Heroism.
 18313 | D:13     | 18313 ||| INVOKING Finesse.
 18314 | D:13     | 18314 ||| Stepping ~*~*~tactically~*~*~ (hiding).
 18322 | D:13     | Received a gift from Okawaru
 18323 | D:13     | Noticed a sphinx
 18326 | D:13     | Noticed a shadow dragon
 18328 | D:13     | 18328 ||| Stepping ~*~*~tactically~*~*~ (hiding).
 18335 | D:13     | Paralysed by a sphinx for 5 turns
 18344 | D:13     | Killed a sphinx
 18353 | D:13     | Killed a shadow dragon
 18401 | D:13     | 18401 ||| FLEEEEING.
 18525 | D:13     | 18525 ||| DROPPING +2 war axe of draining.
 18526 | D:13     | Identified the +8 sling "Beetleslayer" {flame, rF+ Str+2
                  | Dex+3}
 18621 | D:14     | Found a frozen archway.
 18664 | D:14     | 18664 ||| Stepping ~*~*~tactically~*~*~ (hiding).
 18665 | D:14     | 18665 ||| Stepping ~*~*~tactically~*~*~ (hiding).
 18667 | D:14     | 18667 ||| Stepping ~*~*~tactically~*~*~ (hiding).
 18743 | D:14     | 18743 ||| INVOKING Heroism.
 18744 | D:14     | 18744 ||| INVOKING Finesse.
 18746 | D:14     | 18746 ||| SWAPPING to +1 morningstar.
 18754 | D:14     | 18754 ||| SWAPPING to +3 broad axe "Tyreak" {vorpal, *Slow
                  | rPois rC++}.
 18811 | D:14     | 18811 ||| INVOKING Heroism.
 18846 | D:14     | Reached skill level 16 in Axes
 19019 | D:14     | 19019 ||| INVOKING Finesse.
 19021 | D:14     | 19021 ||| Stepping ~*~*~tactically~*~*~ (stealth).
 19022 | D:14     | 19022 ||| Stepping ~*~*~tactically~*~*~ (stealth).
 19065 | D:14     | Found a portal to a secret trove of treasure.
 19176 | D:14     | 19176 ||| INVOKING Heroism.
 19201 | D:14     | Identified the +2 hat of Vexation {Drain rC+ rN+}
 19292 | D:14     | Received a gift from Okawaru
 19357 | D:14     | Found a gate to the Vaults.
 19452 | D:14     | 19452 ||| DROPPING +1 hat.
 19472 | D:15     | Entered Level 15 of the Dungeon
 19498 | D:15     | 19498 ||| Stepping ~*~*~tactically~*~*~ (hiding).
 19499 | D:15     | 19499 ||| Stepping ~*~*~tactically~*~*~ (hiding).
 19508 | D:15     | 19508 ||| INVOKING Heroism.
 19783 | D:15     | Found a staircase to the Depths.
 19784 | D:15     | 19784 ||| INVOKING Heroism.
 19882 | D:15     | 19882 ||| Stepping ~*~*~tactically~*~*~ (hiding).
 19945 | D:15     | 19945 ||| Stepping ~*~*~tactically~*~*~ (stealth).
 19947 | D:15     | 19947 ||| INVOKING Heroism.
 19948 | D:15     | 19948 ||| SWAPPING to +1 morningstar.
 19949 | D:15     | 19949 ||| INVOKING Finesse.
 19954 | D:15     | 19954 ||| Stepping ~*~*~tactically~*~*~ (outnumbered).
 19955 | D:15     | 19955 ||| Stepping ~*~*~tactically~*~*~ (outnumbered).
 19958 | D:15     | 19958 ||| Stepping ~*~*~tactically~*~*~ (outnumbered).
 19959 | D:15     | 19959 ||| Stepping ~*~*~tactically~*~*~ (outnumbered).
 19960 | D:15     | 19960 ||| Stepping ~*~*~tactically~*~*~ (outnumbered).
 19963 | D:15     | 19963 ||| Stepping ~*~*~tactically~*~*~ (outnumbered).
 19966 | D:15     | 19966 ||| Stepping ~*~*~tactically~*~*~ (outnumbered).
 19976 | D:15     | Reached skill level 12 in Armour
 19976 | D:15     | 19976 ||| SWAPPING to +3 broad axe "Tyreak" {vorpal, *Slow
                  | rPois rC++}.
 20161 | D:15     | 20161 ||| PLANNING ORC
 20328 | Orc:1    | Entered Level 1 of the Orcish Mines
 20386 | Orc:1    | Noticed Snorg
 20387 | Orc:1    | 20387 ||| INVOKING Finesse.
 20397 | Orc:1    | Killed Snorg
 20397 | Orc:1    | Identified the +6 chain mail of Happy Babbling {Regen+
                  | Int+8} (Okawaru gifted it to you on level 1 of the Orcish
                  | Mines)
 20397 | Orc:1    | Received a gift from Okawaru
 20446 | Orc:1    | 20446 ||| Stepping ~*~*~tactically~*~*~ (stealth).
 20448 | Orc:1    | 20448 ||| Stepping ~*~*~tactically~*~*~ (stealth).
 20452 | Orc:1    | 20452 ||| Stepping ~*~*~tactically~*~*~ (hiding).
 20840 | Orc:1    | Noticed Harold
 20841 | Orc:1    | 20841 ||| Stepping ~*~*~tactically~*~*~ (hiding).
 20842 | Orc:1    | 20842 ||| Stepping ~*~*~tactically~*~*~ (hiding).
 20845 | Orc:1    | 20845 ||| INVOKING Heroism.
 20857 | Orc:1    | Killed Harold
 20858 | Orc:1    | 20858 ||| Stepping ~*~*~tactically~*~*~ (hiding).
 20859 | Orc:1    | 20859 ||| Stepping ~*~*~tactically~*~*~ (hiding).
 20863 | Orc:1    | 20863 ||| Stepping ~*~*~tactically~*~*~ (hiding).
 21004 | Orc:1    | 21004 ||| INVOKING Heroism.
 21102 | Orc:1    | 21102 ||| UPGRADING to +6 chain mail of Happy Babbling
                  | {Regen+ Int+8}.
 21159 | Orc:2    | Entered Level 2 of the Orcish Mines
 21160 | Orc:2    | 21160 ||| INVOKING Heroism.
 21167 | Orc:2    | Found Neonwyqo's Armour Emporium.
 21176 | Orc:2    | Reached XP level 16. HP: 98/101 MP: 23/23
 21192 | Orc:2    | Found a staircase to the Elven Halls.
 21207 | Orc:2    | 21207 ||| BUYING scarf of repulsion (156 gold).
 21207 | Orc:2    | Bought a scarf of repulsion for 156 gold pieces
 21232 | Orc:2    | 21232 ||| UPGRADING to scarf of repulsion.
 21243 | Orc:2    | 21243 ||| Stepping ~*~*~tactically~*~*~ (stealth).
 27719 | Orc:2    | 27719 ||| PLANNING ORC
 28049 | Orc:2    | 28049 ||| PLANNING ORC
 28052 | Orc:2    | Found Wut Ysta's Antique Weapon Shoppe.
 28061 | Orc:2    | 28061 ||| BUYING glowing morningstar (182 gold).
 28061 | Orc:2    | Bought a glowing morningstar for 182 gold pieces
 28061 | Orc:2    | 28061 ||| BUYING pitted broad axe (234 gold).
 28061 | Orc:2    | Bought a pitted broad axe for 234 gold pieces
 28061 | Orc:2    | Identified the +7 broad axe "Qamup" {vorpal, Int+6} (You
                  | bought it in a shop on level 2 of the Orcish Mines)
 28061 | Orc:2    | 28061 ||| SWAPPING to +7 broad axe "Qamup" {vorpal, Int+6}.
 28062 | Orc:2    | 28062 ||| DROPPING +1 broad axe of draining.
 28063 | Orc:2    | 28063 ||| DROPPING +1 morningstar.
 28099 | Orc:2    | 28099 ||| Stepping ~*~*~tactically~*~*~ (hiding).
 28103 | Orc:2    | 28103 ||| INVOKING Heroism.
 28119 | Orc:2    | Found Lobi's Antique Weapon Shop.
 28142 | Orc:2    | 28142 ||| INVOKING Finesse.
 28154 | Orc:2    | 28154 ||| Stepping ~*~*~tactically~*~*~ (hiding).
 28164 | Orc:2    | 28164 ||| INVOKING Heroism.
 28189 | Orc:2    | Reached skill level 17 in Axes
 28211 | Orc:2    | Found Poimat's Book Shoppe.
 28215 | Orc:2    | 28215 ||| BUYING demon whip (285 gold).
 28215 | Orc:2    | Bought a demon whip for 285 gold pieces
 28215 | Orc:2    | 28215 ||| BUYING runed morningstar (133 gold).
 28215 | Orc:2    | Bought a runed morningstar for 133 gold pieces
 28215 | Orc:2    | 28215 ||| DROPPING +0 demon whip.
 28216 | Orc:2    | 28216 ||| DROPPING +2 morningstar of holy wrath.
 28220 | Orc:2    | Found Waaditoniy's Jewellery Shoppe.
 28222 | Orc:2    | Found Qasidducw's Assorted Antiques.
 28289 | Orc:2    | 28289 ||| BUYING potion of curing (93 gold).
 28289 | Orc:2    | Bought a potion of curing for 93 gold pieces
 28289 | Orc:2    | 28289 ||| BUYING potion of resistance (310 gold).
 28289 | Orc:2    | Bought a potion of resistance for 310 gold pieces
 28289 | Orc:2    | 28289 ||| BUYING scroll of teleportation (93 gold).
 28289 | Orc:2    | Bought a scroll of teleportation for 93 gold pieces
 28316 | Orc:2    | 28316 ||| Stepping ~*~*~tactically~*~*~ (stealth).
 28318 | Orc:2    | 28318 ||| Stepping ~*~*~tactically~*~*~ (hiding).
 28438 | Orc:2    | 28438 ||| INVOKING Heroism.
 28498 | Orc:2    | 28498 ||| Stepping ~*~*~tactically~*~*~ (stealth).
 28513 | Orc:2    | 28513 ||| INVOKING Heroism.
 28532 | Orc:2    | 28532 ||| Stepping ~*~*~tactically~*~*~ (stealth).
 28534 | Orc:2    | 28534 ||| Stepping ~*~*~tactically~*~*~ (stealth).
 28677 | Orc:2    | Found Loaqail's Jewellery Boutique.
 28685 | Orc:2    | 28685 ||| BUYING +4 ring of evasion (432 gold).
 28685 | Orc:2    | Bought a +4 ring of evasion for 432 gold pieces
 28685 | Orc:2    | 28685 ||| BUYING ring of resist corrosion (240 gold).
 28685 | Orc:2    | Bought a ring of resist corrosion for 240 gold pieces
 28785 | Orc:2    | update_gameplan()
 28785 | Orc:2    | 28785 ||| PLANNING ORC
 28788 | Orc:2    | 28788 ||| UPGRADING to +4 ring of evasion.
 28790 | Orc:2    | 28790 ||| DROPPING +6 ring of dexterity.
 29033 | Orc:2    | 29033 ||| PLANNING SWAMP:1-3
 29222 | Swamp:1  | Entered Level 1 of the Swamp
 29223 | Swamp:1  | 29223 ||| INVOKING Heroism.
 29230 | Swamp:1  | 29230 ||| Stepping ~*~*~tactically~*~*~ (cloud).
 29233 | Swamp:1  | 29233 ||| Stepping ~*~*~tactically~*~*~ (cloud).
 29272 | Swamp:1  | 29272 ||| READING scroll of enchant armour.
 29272 | Swamp:1  | 29272 ||| ENCHANTING +1 pair of boots.
 29283 | Swamp:1  | 29283 ||| INVOKING Heroism.
 29287 | Swamp:1  | 29287 ||| SWAPPING to +6 antimagic morningstar.
 29298 | Swamp:1  | 29298 ||| SWAPPING to +7 broad axe "Qamup" {vorpal, Int+6}.
 29399 | Swamp:1  | 29399 ||| INVOKING Heroism.
 29401 | Swamp:1  | 29401 ||| PLANNING SWAMP:1-3
 29497 | Swamp:1  | 29497 ||| Stepping ~*~*~tactically~*~*~ (stealth).
 29536 | Swamp:1  | 29536 ||| Stepping ~*~*~tactically~*~*~ (hiding).
 29670 | Swamp:1  | 29670 ||| INVOKING Heroism.
 29707 | Swamp:1  | 29707 ||| INVOKING Heroism.
 29850 | Swamp:1  | Reached skill level 6 in Throwing
 29871 | Swamp:1  | 29871 ||| INVOKING Heroism.
 29876 | Swamp:1  | Received a gift from Okawaru
 29977 | Swamp:1  | 29977 ||| Stepping ~*~*~tactically~*~*~ (hiding).
 30121 | Swamp:1  | 30121 ||| Stepping ~*~*~tactically~*~*~ (hiding).
 30154 | Swamp:1  | 30154 ||| Stepping ~*~*~tactically~*~*~ (hiding).
 30179 | Swamp:1  | 30179 ||| INVOKING Heroism.
 30182 | Swamp:1  | 30182 ||| SWAPPING to +6 antimagic morningstar.
 30186 | Swamp:1  | 30186 ||| SWAPPING to +7 broad axe "Qamup" {vorpal, Int+6}.
 30343 | Swamp:1  | 30343 ||| READING scroll labelled CUBRIU QEKKOLEASK.
 30351 | Swamp:2  | 30351 ||| INVOKING Heroism.
 30385 | Swamp:2  | 30385 ||| SWAPPING to +6 antimagic morningstar.
 30394 | Swamp:2  | 30394 ||| SWAPPING to +7 broad axe "Qamup" {vorpal, Int+6}.
 30445 | Swamp:2  | 30445 ||| INVOKING Heroism.
 30521 | Swamp:2  | 30521 ||| FLEEEEING.
 30522 | Swamp:2  | 30522 ||| FLEEEEING.
 30529 | Swamp:2  | 30529 ||| STAIRDANCE
 30570 | Swamp:2  | 30570 ||| INVOKING Heroism.
 30592 | Swamp:2  | Identified Roxanne's Tome of the Boulder
 30592 | Swamp:2  | Noticed Roxanne
 30593 | Swamp:2  | 30593 ||| INVOKING Finesse.
 30613 | Swamp:2  | Killed Roxanne
 30699 | Swamp:2  | 30699 ||| Stepping ~*~*~tactically~*~*~ (hiding).
 30699 | Swamp:2  | Noticed a thorn hunter
 30700 | Swamp:2  | 30700 ||| INVOKING Heroism.
 30701 | Swamp:2  | 30701 ||| Stepping ~*~*~tactically~*~*~ (hiding).
 30703 | Swamp:2  | 30703 ||| INVOKING Finesse.
 30718 | Swamp:2  | Killed a thorn hunter
 30719 | Swamp:2  | Reached skill level 18 in Axes
 30752 | Swamp:2  | 30752 ||| Stepping ~*~*~tactically~*~*~ (hiding).
 30953 | Swamp:2  | 30953 ||| INVOKING Heroism.
 31142 | Swamp:3  | 31142 ||| INVOKING Heroism.
 31166 | Swamp:3  | Received a gift from Okawaru
 31183 | Swamp:3  | 31183 ||| INVOKING Heroism.
 31193 | Swamp:3  | HP: 9/104 [will-o-the-wisp/foxfire (21)]
 31193 | Swamp:3  | Killed from afar by a will-o-the-wisp

Levels and vault maps discovered:
D:1:      shiori_arrival_maze, layout_basic,
          shapermc_ecumenical_altar_notcrosses, chequers_serial_rivers_micro_a
D:2:      layout_rooms
D:3:      minmay_recursive_quarters, layout_loops_ring,
          nicolae_yredelemnul_corpse_copse
D:4:      layout_rooms, mainiacjoe_overflow_paths, minmay_temple_entry_trees,
          uniq_eustachio
D:5:      layout_rooms, grunt_decor_one_mirror
D:6:      layout_loops_ring, kennysheep_generic_room_13, uniq_menkaure
D:7:      layout_basic, enter_ossuary_5, serial_shops, shop,
          minmay_crystal_water, grunt_decor_mini_mirrors, dk_noncrumbling_3,
          uniq_pikel
D:8:      layout_gridville, hellmonk_guarded_unrand_staff_of_battle,
          uniq_maurice
D:9:      layout_long_grid, erik_orc_3, uniq_grum
D:10:     layout_roguey, grunt_qazlal_sundering,
          grunt_temple_overflow_cloverleaf, old_standard_altar, enter_bailey_2
D:11:     layout_cave_pods, erik_lair_island, hangedman_feature_mirror
D:12:     layout_grid_maze, nicolae_sif_muna_little_library, uniq_rupert
D:13:     cross_vault, layout_loops_cross, serial_shops, shop
D:14:     layout_long_grid, hangedman_vaults_entry_quadrant_bands,
          chequers_serial_rivers_room_b, portal_ice_cave_entry_pillars_three,
          enter_trove_2, serial_bayou_lagoon_a, the_hattery
D:15:     hangedman_depths_entry_try_elsewhere_first, layout_rooms,
          chequers_serial_rivers_room_b
Temple:   minmay_temple_curvy_branch
Lair:1:   layout_cave_shapes, dreamdust_deal_with_the_devil, uniq_prince_ribbit2
Lair:2:   layout_regular_city, hellmonk_spider_entry_not_the_bees,
          chequers_serial_rivers_marsh, chequers_serial_rivers_room_b,
          uniq_sonja
Lair:3:   minmay_lair_oklob_tunnel, layout_layer_cave,
          nicolae_swamp_entry_splash_gauntlet, basic_altar,
          maelrawn_ghost_gauntlet_escape, grunt_megastairs_5
Lair:4:   layout_small_grid, chequers_serial_rivers_micro_c
Lair:5:   hellmonk_lair_end_abyssal_woods, layout_hall_layers, slime_entry_1,
          grunt_forest_large_clearings
Swamp:1:  layout_basic_swamp, evilmike_swamp_ruin_house_3, swamp_pool1,
          nicolae_swamp_dragon_and_kin, infiniplex_staircase_pool_2
Swamp:2:  cheibrodos_swamp_tower_of_moss, layout_basic_swamp,
          nicolae_swamp_small_spring, swamp_pool4, infiniplex_staircase_pool,
          uniq_roxanne
Swamp:3:  layout_basic_swamp, nicolae_swamp_dense_foliage
Orc:1:    layout_diamond_mine, mines4_lemuel, uniq_harold, uniq_snorg
Orc:2:    st_orc_elflike, layout_caves, serial_shops, nicolae_shop_statue_plus,
          shop_fountains, nicolae_shop_competitors_out_of_business,
          hellmonk_guarded_unrand_dark_maul

Skill      XL: |  1  2  3  4  5  6  7  8  9 10 11 12 13 14 15 16 |
---------------+-------------------------------------------------+-----
Axes           | 2 3 4 5 6 7 9 10 12 13 15 16 18 | 18.0
Dodging        | 1 2 3 4 5 |  5.0
Fighting       | 4 5 6 7 8 9 10 11 12 13 | 13.0
Shields        | 6 7 8 9 10 11 12 13 | 13.4
Invocations    | 2 4 6 10 | 10.0
Armour         | 4 6 7 9 10 11 12 | 12.0
Throwing       | 1 3 4 5 6 |  6.0

Action                   |  1- 3 |  4- 6 |  7- 9 | 10-12 | 13-15 | 16-18 || total
-------------------------+-------+-------+-------+-------+-------+-------++-------
Melee: War axe           |    78 |   134 |   245 |   547 |       |       ||  1004
       Morningstar       |       |       |       |    17 |    24 |    17 ||    58
       Broad axe         |       |       |       |     9 |   932 |   376 ||  1317
Throw: Boomerang         |       |       |     4 |    95 |   122 |     5 ||   226
       Javelin           |       |       |       |    44 |    71 |    32 ||   147
Invok: Heroism           |       |       |    14 |    33 |    33 |    18 ||    98
       Finesse           |       |       |       |     3 |    10 |     3 ||    16
  Use: Scroll            |     6 |     4 |    11 |     7 |     1 |     2 ||    31
       Potion            |     1 |     1 |     3 |     1 |     1 |       ||     7
Armor: Scale mail        |    40 |    56 |    48 |       |       |       ||   144
       Chain mail        |       |       |    45 |    45 |     2 |    96 ||   188
       Plate armour      |       |       |       |   178 |   330 |       ||   508
Dodge: Dodged            |    35 |    55 |    46 |   108 |   233 |   104 ||   581
       Repelled          |       |       |       |       |       |     6 ||     6
Block: Buckler           |    13 |    57 |       |       |       |       ||    70
       Kite shield       |       |       |   166 |   449 |   727 |   236 ||  1578
       Reflection        |       |       |     6 |     9 |    35 |     9 ||    59

Table legend:
 A = Non-vault XP
 B = Vault XP
 C = Vault XP percentage of total XP
 D = Non-vault monster count
 E = Vault monster count
 F = Vault count percentage of total count
                 A         B        C        D         E       F
            +---------+---------+-------+---------+---------+-------
      Total |  116890 |   63324 |  35.1 |     496 |     214 |  30.1
            +---------+---------+-------+---------+---------+-------
        D:1 |      34 |       3 |   8.1 |      17 |       2 |  10.5
        D:2 |      48 |       0 |   0.0 |      13 |       0 |   0.0
        D:3 |     160 |      92 |  36.5 |      19 |      16 |  45.7
        D:4 |     105 |     185 |  63.8 |      13 |       1 |   7.1
        D:5 |     624 |       0 |   0.0 |      17 |       0 |   0.0
        D:6 |     881 |     255 |  22.4 |      18 |       2 |  10.0
        D:7 |    1405 |     629 |  30.9 |      26 |       1 |   3.7
        D:8 |    1753 |     866 |  33.1 |      27 |       2 |   6.9
        D:9 |    3322 |    1154 |  25.8 |      24 |      20 |  45.5
       D:10 |    1178 |       0 |   0.0 |      12 |       0 |   0.0
       D:11 |    2891 |    2010 |  41.0 |      14 |      11 |  44.0
       D:12 |    9798 |    1825 |  15.7 |      24 |       1 |   4.0
       D:13 |    8672 |    5640 |  39.4 |      22 |       6 |  21.4
       D:14 |    6412 |    7014 |  52.2 |      12 |      17 |  58.6
       D:15 |   10480 |    1879 |  15.2 |      24 |       4 |  14.3
     Lair:1 |    3817 |    1110 |  22.5 |      16 |       4 |  20.0
     Lair:2 |    6052 |    1092 |  15.3 |      23 |       4 |  14.8
     Lair:3 |    2997 |    4744 |  61.3 |      12 |      10 |  45.5
     Lair:4 |   12219 |       0 |   0.0 |      41 |       0 |   0.0
     Lair:5 |    8558 |   15118 |  63.9 |      29 |      68 |  70.1
    Swamp:1 |   15164 |    1335 |   8.1 |      26 |       6 |  18.8
    Swamp:2 |   13633 |    2788 |  17.0 |      26 |       2 |   7.1
    Swamp:3 |    3977 |       0 |   0.0 |       7 |       0 |   0.0
      Orc:1 |     530 |    3140 |  85.6 |      10 |       7 |  41.2
      Orc:2 |    2180 |   12445 |  85.1 |      24 |      30 |  55.6
            +---------+---------+-------+---------+---------+-------
